 Dungeon Crawl Stone Soup version 0.25.1-2-g60ff931df9 (webtiles) character file.

Game seed: 11867736606488298747

9412 Chimkentus the Vexing (level 11, -13/74 HPs)
             Began as an Octopode Arcane Marksman on Aug 16, 2020.
             Was a Priest of Nemelex Xobeh.
             Mangled by Snorg (18 damage)
             ... on level 2 of the Orcish Mines on Aug 17, 2020.
             The game lasted 01:57:26 (15176 turns).

Chimkentus the Vexing (Octopode Arcane Marksman)   Turns: 15176, Time: 01:57:26

Health: -13/74     AC:  3    Str: 11    XL:     11   Next: 46%
Magic:  0/20       EV: 20    Int: 15    God:    Nemelex Xobeh [***...]
Gold:   370        SH:  0    Dex: 26    Spells: 7/22 levels left

rFire    . . .     SeeInvis +   w - +11 long sword of Eternal Vigilance {flame, +Fly Str-5 Dex+8 Stlth+}
rCold    . . .     Gourm    .   (no shield)
rNeg     . . .     Faith    .   L - +2 hat
rPois    .         Spirit   +   m - amulet of guardian spirit
rElec    .         Reflect  .   k - +6 ring of dexterity
rCorr    .         Harm     .   h - ring of see invisible
MR       +....                  Z - ring of flight
Stlth    ++++++....             (no ring)
HPRegen  0.22/turn              (no ring)
MPRegen  0.17/turn              (no ring)
                                (no ring)
                                (no ring)

@: mighty
A: almost no armour, stealthy swim, amphibious, 8 rings, constrict 8, camouflage
1, magic resistance 1, strong 1, gelatinous body 1
a: Draw Escape, Draw Destruction, Draw Summoning, Triple Draw, Renounce
Religion, Evoke Flight


You were on level 2 of the Orcish Mines.
You worshipped Nemelex Xobeh.
Nemelex Xobeh was most pleased with you.
You were very hungry.

You visited 3 branches of the dungeon, and saw 13 of its levels.
You also visited: Ossuary.

You collected 803 gold pieces.
You spent 433 gold pieces at shops.

Inventory:

Hand Weapons
 b - a +1 dagger of venom
 g - a +1 short sword of draining
 w - the +11 long sword of Eternal Vigilance (weapon) {flame, +Fly Str-5 Dex+8 Stlth+}
   (You bought it in a shop on level 7 of the Dungeon)

   It has been specially enchanted to burn those struck by it, causing extra
   injury to most foes and up to half again as much damage against particularly
   susceptible opponents.
   Big, fiery blades are also staple armaments of hydra-hunters.
   It affects your strength (-5).
   It affects your dexterity (+8).
   It lets you fly.
   It makes you more stealthy.
 z - a +2 whip of flaming
 S - the +7 mace of Variability {chain chaos}
   (You found it on level 8 of the Dungeon)

   Each time it hits an enemy it has a different, random effect.
 V - a +3 hand axe
 W - a +0 fustibalus
 Y - a +0 dagger of speed
Missiles
 n - 6 javelins
 o - 45 poisoned darts (quivered)
 r - 78 sling bullets
 t - 225 stones
 F - a throwing net
 M - 7 boomerangs
 T - 6 silver javelins
Armour
 L - a +2 hat (worn)
Jewellery
 h - a ring of see invisible (right tentacle)
 k - a +6 ring of dexterity (left tentacle)
 m - an amulet of guardian spirit (around mantle)
 B - an uncursed ring of fire
 I - an uncursed amulet of reflection
 Q - an uncursed ring of fire
 Z - a ring of flight (on tentacle)
Wands
 a - a wand of random effects (51)
 e - a wand of paralysis (4)
 q - a wand of digging (5)
 D - a wand of flame (20)
 U - a wand of acid (12)
Scrolls
 c - a scroll of fog
 j - 2 scrolls of immolation
 s - 5 scrolls of teleportation
 A - a scroll of blinking
 C - 4 scrolls of remove curse
 N - a scroll of random uselessness {unknown}
 O - 2 scrolls of fear
 X - a scroll of enchant armour
Potions
 i - a potion of berserk rage {unknown}
 l - a potion of cancellation
 p - a potion of curing
 E - 3 potions of lignification {unknown}
 G - a potion of might
 H - 2 potions of brilliance {unknown}
 J - a potion of haste {unknown}
 K - a potion of heal wounds
 P - 2 potions of degeneration {unknown}
Comestibles
 d - 17 rations


   Skills:
 * Level 6.7 Fighting
 + Level 3.8(4.9) Short Blades
 + Level 4.7(5.3) Long Blades
 + Level 1.0 Maces & Flails
 + Level 5.8 Throwing
 * Level 6.7 Dodging
 + Level 6.3 Stealth
 + Level 6.4 Spellcasting
 + Level 0.4 Conjurations
 * Level 7.6 Hexes
 * Level 5.5 Invocations
 + Level 2.1 Evocations


You had 7 spell levels left.
You knew the following spells:

 Your Spells              Type           Power        Failure   Level  Hunger
a - Corona                Hex            ####...      1%          1    None
b - Slow                  Hex            ####....     1%          2    #......
c - Inner Flame           Hex/Fire       ###.....     9%          3    ##.....
d - Tukima's Dance        Hex            ####....     1%          3    ##.....
e - Dazzling Flash        Conj/Hex       ###...       9%          3    ##.....
f - Confusing Touch       Hex            ####....     1%          3    ##.....

Your spell library contained the following spells:

 Spells                   Type           Power        Failure   Level  Hunger
 Ensorcelled Hibernation  Hex/Ice        ###...       4%          2    #......
 Cause Fear               Hex            ####......   6%          4    ####...
 Portal Projectile        Hex/Tloc       ###...       9%          3    ##.....
 Leda's Liquefaction      Hex/Erth       ###.......   28%         4    ####...


Dungeon Overview and Level Annotations

Branches:
Dungeon (10/15)            Temple (1/1) D:4            Lair (0/6) D:10
    Orc (2/2) D:10        Ossuary (visited)
    Elf: Orc:2

Altars:
Ashenzari
Cheibriados
Dithmenos
Elyvilon
Fedhas
Gozag
Hepliaklqana
Kikubaaqudgha
Makhleb
Nemelex Xobeh
Okawaru
Qazlal
Ru
Sif Muna
Trog
Uskayaw
Vehumet
Wu Jian
Xom
Yredelemnul
Zin
The Shining One

Shops:
D:7 (   D:8 =

Annotations:
Orc:2 Snorg


Innate Abilities, Weirdness & Mutations

You cannot wear most types of armour.
You are very stealthy in the water. (Stealth+)
You are amphibious.
You can wear up to eight rings at the same time.
You can use your tentacles to constrict eight enemies at once.
Your skin changes colour to match your surroundings (Stealth+).
Your rubbery body absorbs attacks. (AC +1, EV +1)
You are resistant to hostile enchantments. (MR+)
Your muscles are strong. (Str +2)


Message History

Snorg closely misses you. Snorg claws you. Snorg claws you!
You barely miss Snorg.
Snorg is severely wounded.
Snorg barely misses you. Snorg claws you! Snorg misses you. Snorg bites you!!
* * * LOW HITPOINT WARNING * * *
Snorg claws you.
* * * LOW HITPOINT WARNING * * *
Snorg completely misses you.
You feel much better. Snorg bites you! Snorg claws you!!
* * * LOW HITPOINT WARNING * * *
Snorg closely misses you.
You hear a shout!
Unknown command.
Okay, then.
Okay, then.
You draw a card...
You have drawn the Cloud.
Clouds appear around you!
You hear a shout!
Snorg bites you!!
You die...
Your body disappears without a glow.

....##..###
...#....#.##
...........#
#..........#
#.......<..##
............#
............##
#@§§...#
##T§.....
§§.....
.......
#)..... ......
(..).. .(.(..


You could see Snorg (berserk).

Vanquished Creatures
  A two-headed ogre (D:9)
  Pikel (D:4)
  A moth of wrath (D:9)
  A centaur skeleton (D:10)
  A komodo dragon (D:10)
  Grinder (D:5)
  A hornet (D:10)
  Prince Ribbit (D:9)
  A hippogriff (D:7)
  3 chaos spawn
  3 hungry ghosts
  A water moccasin (D:9)
  2 phantoms
  4 ice beasts
  2 black bears
  10 orc warriors
  A sky beast (D:8)
  A necrophage (D:9)
  8 ogres
  A centaur (D:6)
  5 bullfrogs
  A water moccasin zombie (D:6)
  4 scorpions
  5 wights
  3 howler monkeys
  3 electric eels
  6 jellies
  12 orc priests
  3 hounds
  A bullfrog skeleton (D:4)
  2 iguanas
  2 worker ants
  14 orc wizards
  A big kobold zombie (Ossuary)
  A hound zombie (D:9)
  A hound skeleton (D:4)
  8 mummies (Ossuary)
  A worker ant zombie (D:5)
  A howler monkey skeleton (D:7)
  16 adders
  3 shadow imps
  6 oozes
  An adder zombie (D:5)
  2 adder skeletons (D:5)
  4 worms
  2 dart slugs
  6 leopard geckos
  44 orcs
  3 giant cockroaches
  6 hobgoblins
  7 jackals
  2 quokkas
  A ball python (D:3)
  2 bats
  A frilled lizard (D:3)
  3 hobgoblin zombies (Ossuary)
  3 kobolds (D:2)
  2 kobold zombies (Ossuary)
  2 orc zombies (Ossuary)
  A quokka skeleton (D:4)
  A quokka zombie (D:6)
  8 rats
  2 rat zombies (D:7)
247 creatures vanquished.

Vanquished Creatures (collateral kills)
  A two-headed ogre (D:9)
  Sigmund (D:5)
  An ogre (D:4)
  3 orcs
6 creatures vanquished.

Vanquished Creatures (others)
  3 dancing weapons (D:9)
  2 slaves (D:4)
  2 orc wizards (D:4)
  An orc priest (D:4)
  An adder (D:4)
  An adder skeleton (D:4)
  3 plants (D:10)
13 creatures vanquished.

Grand Total: 266 creatures vanquished

Notes
Turn   | Place    | Note
-------+----------+-------------------------------------------
     0 | D:1      | Chimkentus the Octopode Arcane Marksman began the quest for
                  | the Orb.
     0 | D:1      | Reached XP level 1. HP: 13/13 MP: 2/2
   576 | D:1      | Reached XP level 2. HP: 18/18 MP: 1/3
   580 | D:1      | Learned a level 2 spell: Slow
   989 | D:2      | Reached XP level 3. HP: 15/23 MP: 2/4
  1671 | D:2      | Reached skill level 1 in Stealth
  1728 | D:2      | Reached XP level 4. HP: 15/29 MP: 0/6
  2503 | D:3      | Reached XP level 5. HP: 27/34 MP: 1/7
  2644 | D:3      | Noticed an ogre
  2671 | D:3      | HP: 1/34 [poisoned by an adder]
  3055 | D:3      | You fall into a shaft and drop 3 floors!
  3158 | D:6      | Learned a level 3 spell: Inner Flame
  3394 | D:6      | Noticed a centaur
  3394 | D:6      | Noticed an ice beast
  3429 | D:6      | Noticed an orc warrior
  3492 | D:5      | Entered Level 5 of the Dungeon
  3633 | D:4      | Found a transporter.
  3644 | D:4      | Noticed a slave
  3644 | D:4      | Noticed a slave
  3645 | D:4      | Noticed a slave
  3646 | D:4      | Noticed an ogre
  3647 | D:4      | Noticed Pikel
  3651 | D:4      | Found a transporter.
  3882 | D:4      | Reached XP level 6. HP: 26/41 MP: 4/9
  3899 | D:4      | Noticed a slave
  4331 | D:4      | Killed Pikel
  4331 | D:4      | Reached skill level 1 in Short Blades
  4331 | D:4      | Reached skill level 4 in Hexes
  4331 | D:4      | Reached skill level 1 in Evocations
  4331 | D:4      | Reached XP level 7. HP: 7/46 MP: 2/10
  5044 | D:3      | Learned a level 3 spell: Tukima's Dance
  5208 | D:3      | Reached XP level 8. HP: 40/54 MP: 9/12
  5363 | D:3      | You fall into a shaft and drop 2 floors!
  5391 | D:4      | Found a staircase to the Ecumenical Temple.
  5399 | Temple   | Entered the Ecumenical Temple
  5596 | Temple   | Became a worshipper of Nemelex Xobeh the Trickster
  5617 | Temple   | Learned a level 3 spell: Dazzling Flash
  5873 | D:4      | Received a gift from Nemelex Xobeh
  6186 | D:4      | Found a shadowy altar of Dithmenos.
  6905 | D:5      | Reached skill level 5 in Throwing
  6970 | D:5      | Reached * piety under Nemelex Xobeh
  7100 | D:5      | Noticed Grinder
  7101 | D:5      | Paralysed by Grinder for 4 turns
  7110 | D:5      | Paralysed by Grinder for 6 turns
  7118 | D:5      | Gained mutation: You are resistant to hostile enchantments.
                  | (MR+) [potion of mutation]
  7118 | D:5      | Gained mutation: Your muscles are strong. (Str +2) [potion
                  | of mutation]
  7500 | D:5      | Reached skill level 1 in Invocations
  7593 | D:5      | Noticed Sigmund
  7771 | D:5      | Paralysed by Grinder for 7 turns
  7784 | D:5      | Killed Grinder
  8327 | D:6      | Reached skill level 5 in Hexes
  8327 | D:6      | Reached XP level 9. HP: 48/59 MP: 12/15
  8374 | D:6      | Received a gift from Nemelex Xobeh
  9086 | D:5      | Learned a level 3 spell: Confusing Touch
  9199 | D:5      | Killed Sigmund
  9728 | D:6      | Reached skill level 5 in Fighting
  9728 | D:6      | Reached skill level 5 in Dodging
  9901 | D:7      | Found a sand-covered staircase.
  9908 | Ossuary  | Entered an ossuary
 10240 | D:7      | Found Kevy's Antique Weapon Boutique.
 10245 | D:7      | Bought a smoking long sword for 238 gold pieces
 10245 | D:7      | Identified the +11 long sword of Eternal Vigilance {flame,
                  | +Fly Str-5 Dex+8 Stlth+} (You bought it in a shop on level
                  | 7 of the Dungeon)
 10311 | D:7      | Reached ** piety under Nemelex Xobeh
 10437 | D:7      | Reached skill level 1 in Maces & Flails
 10608 | D:7      | Reached skill level 1 in Long Blades
 10706 | D:7      | Reached skill level 5 in Spellcasting
 10706 | D:7      | Reached XP level 10. HP: 56/66 MP: 9/17
 10777 | D:7      | Received a gift from Nemelex Xobeh
 11375 | D:8      | Reached skill level 5 in Stealth
 11386 | D:8      | Found Noigimeb's Jewellery Emporium.
 11396 | D:8      | Reached skill level 6 in Hexes
 11464 | D:8      | Bought an uncursed ring of see invisible for 195 gold
                  | pieces
 11536 | D:8      | Found a shimmering altar of Xom.
 11557 | D:8      | Found the +7 mace of Variability {chain chaos}
 12188 | D:9      | Noticed Prince Ribbit
 12202 | D:9      | Noticed a moth of wrath
 12213 | D:9      | Killed Prince Ribbit
 12363 | D:9      | Found a bloodstained altar of Trog.
 12410 | D:9      | Killed a moth of wrath
 12807 | D:9      | Noticed a two-headed ogre
 12820 | D:9      | Killed a two-headed ogre
 12820 | D:9      | Reached skill level 7 in Hexes
 12820 | D:9      | Reached skill level 5 in Invocations
 12948 | D:9      | Noticed a two-headed ogre
 12990 | D:9      | Killed a two-headed ogre
 12990 | D:9      | Reached XP level 11. HP: 72/72 MP: 4/19
 13510 | D:10     | Entered Level 10 of the Dungeon
 13629 | D:10     | Found a staircase to the Lair.
 13806 | D:10     | Reached *** piety under Nemelex Xobeh
 13806 | D:10     | Received a gift from Nemelex Xobeh
 14105 | D:10     | Identified the -1 trident "Eviscerator" {freeze, MP+9 Str+2
                  | Dex+2}
 14478 | D:10     | Found a staircase to the Orcish Mines.
 14633 | D:10     | Found a burning altar of Makhleb.
 14995 | Orc:1    | Entered Level 1 of the Orcish Mines
 15152 | Orc:2    | Entered Level 2 of the Orcish Mines
 15160 | Orc:2    | Noticed Snorg
 15176 | Orc:2    | Mangled by Snorg

Illustrated notes

Levels and vault maps discovered:
D:1:      dpeg_arrival_houses_and_road, layout_loops_ring
D:2:      layout_basic
D:3:      layout_loops_ring, minmay_misc_feat_tiny, minmay_bisected
D:4:      gammafunk_steamed_eel, layout_basic, minmay_temple_entry_purple_smoke,
          first_ration, grunt_decor_cap, eino_curves_03, grunt_decor_one_mirror,
          nicolae_dithmenos_through_a_glass_darkly, uniq_pikel
D:5:      layout_cave_pools, nrook_mini_vaults, uniq_grinder, uniq_sigmund
D:6:      layout_gridville, minmay_pentangle
D:7:      layout_basic, enter_ossuary_4, serial_shops, shop_fountains
D:8:      layout_basic, serial_shops, nicolae_shop_crystal,
          minmay_guarded_unrand_variability
D:9:      layout_rooms, tgw_trog, hangedman_little_slice_of_home,
          chequers_serial_rivers_micro_e, uniq_prince_ribbit1
D:10:     layout_small_grid, david_lair_shrubbed, erik_orc_2, bloody_makhleb
Temple:   minmay_crystal_snake_temple
Orc:1:    layout_caves
Orc:2:    st_orc_open, layout_diamond_mine, serial_shops,
          nicolae_shop_waterfront, nicolae_orc_lava_room, uniq_snorg,
          uniq_saint_roka, uniq_rupert, uniq_azrael

Skill      XL: |  1  2  3  4  5  6  7  8  9 10 11 |
---------------+----------------------------------+-----
Stealth        | 1 3 4 5 6 |  6.3
Fighting       | 2 3 4 5 6 |  6.7
Dodging        | 3 4 5 6 |  6.7
Spellcasting   | 2 4 5 6 |  6.4
Short Blades   | 1 2 3 |  3.8
Throwing       | 4 5 |  5.8
Hexes          | 4 5 7 |  7.6
Evocations     | 1 2 |  2.1
Invocations    | 1 4 5 |  5.5
Maces & Flails | 1 |  1.0
Long Blades    | 1 3 4 |  4.7
Conjurations   | |  0.4

Action                   |  1- 3 |  4- 6 |  7- 9 | 10-12 || total
-------------------------+-------+-------+-------+-------++-------
Melee: Dagger            |    37 |    62 |    17 |     1 ||   117
       Constrict         |     9 |    18 |    47 |    40 ||   114
       Tentacles         |     7 |    16 |    49 |    57 ||   129
       Short sword       |       |       |   152 |       ||   152
       Whip              |       |       |    30 |       ||    30
       Long sword        |       |       |    22 |   152 ||   174
       Great mace        |       |       |       |     8 ||     8
Throw: Javelin           |     8 |    17 |    57 |    32 ||   114
       Dart              |    20 |    37 |    32 |    47 ||   136
       Throwing net      |     2 |     3 |     1 |       ||     6
       Boomerang         |       |       |     4 |       ||     4
 Cast: Corona            |    15 |    10 |    40 |    25 ||    90
       Slow              |     6 |    11 |    29 |    21 ||    67
       Tukima's Dance    |       |       |     9 |    24 ||    33
       Dazzling Flash    |       |       |     6 |    14 ||    20
       Inner Flame       |       |       |     1 |       ||     1
       Confusing Touch   |       |       |    11 |    13 ||    24
Invok: Draw Destruction  |       |       |     9 |     3 ||    12
       Draw Summoning    |       |       |     1 |     3 ||     4
       Draw Escape       |       |       |       |     1 ||     1
Evoke: Wand              |       |     8 |     7 |    12 ||    27
  Use: Potion            |     2 |     4 |     2 |     3 ||    11
       Scroll            |       |     7 |     7 |     5 ||    19
 Stab: Sleeping          |     4 |     3 |     9 |     9 ||    25
       Confused          |       |       |     4 |     2 ||     6
       Invisible         |       |       |     1 |     3 ||     4
       Paralysed         |       |       |       |     8 ||     8
       Distracted        |       |       |       |     1 ||     1
  Eat: Chunk             |     3 |     9 |    17 |    15 ||    44
       Ration            |       |       |     2 |     3 ||     5
Armor: Skin              |     9 |     1 |    12 |    14 ||    36
Dodge: Dodged            |    44 |    44 |   159 |   121 ||   368
       Rpst.: Long sword |       |       |     5 |    29 ||    34
